 Dungeon Crawl Stone Soup version 0.27.1-34-g3ba077fa99 (webtiles) character file.

Game seed: 12548370663227724775

3 cbfl8 the Sneak (level 1, -4/19 HPs)
             Began as a Minotaur Delver on Jan 16, 2022.
             Splashed by a jelly's acid (10 damage)
             ... on level 4 of the Dungeon.
             The game lasted 00:00:25 (90 turns).

cbfl8 the Sneak (Minotaur Delver)                     Turns: 90, Time: 00:00:26

Health: -4/19      AC: -5    Str: 16    XL:     1   Next: 41%
Magic:  0/0        EV: 15    Int:  7    God:
Gold:   0          SH:  0    Dex: 11    Spells: 0/0 levels left

rFire    . . .     SeeInvis .   a - +0 hand axe
rCold    . . .     Faith    .   (no shield)
rNeg     . . .     Spirit   .   b - +0 leather armour
rPois    .         Reflect  .   (helmet restricted)
rElec    .         Harm     .   (no cloak)
rCorr    .         Rampage  .   (no gloves)
Will     .....                  (no boots)
Stlth    ++........             (no amulet)
HPRegen  0.06/turn              h - +4 ring of evasion
MPRegen  0.07/turn              (no ring)

@: corroded
A: horns 2, retaliatory headbutt
a: no special abilities


You were on level 4 of the Dungeon.
You visited 1 branch of the dungeon, and saw 2 of its levels.

Inventory:

Hand Weapons
 a - a +0 hand axe (weapon)
Armour
 b - a +0 leather armour (worn)
Jewellery
 h - a +4 ring of evasion (left hand)
Wands
 g - a wand of digging (3)
Scrolls
 c - a scroll of fog
 d - a scroll of magic mapping
 e - a scroll of fear
 j - a scroll of teleportation {unknown}
Potions
 f - a potion of haste
 i - a potion of curing {unknown}


   Skills:
 + Level 3.6 Fighting
 + Level 2.4 Axes
 + Level 2.1 Dodging
 + Level 4.2 Stealth


You couldn't memorise any spells.
You didn't know any spells.
Your spell library was empty.

Dungeon Overview and Level Annotations

Branches:
Dungeon (5/15)
 Temple: D:4-7

Altars:

Annotations:
D:4 Ijyb


Innate Abilities, Weirdness & Mutations

You have a pair of horns on your head.
You reflexively headbutt those who attack you in melee.


Message History

Found a scroll labelled EBEMIT ATOTU.
An endoplasm comes into view.
You see here a scroll labelled EBEMIT ATOTU.
Ijyb the Twisted Goblin comes into view.
She is wielding a +0 club, wearing a +1 scale mail of willpower and carrying a wand of digging (5).
Ijyb shouts!
You hear a bark!
You see here a scroll labelled EBEMIT ATOTU.
j - a scroll labelled EBEMIT ATOTU The endoplasm quivers.
You hear a zap.
Some rock shatters into small pieces.
A goblin comes into view. It is wielding a +0 club.
A jackal comes into view.
A jelly comes into view.
The jackal barks!
The jelly quivers.
You hit the endoplasm.
You kill the endoplasm!
You hear a bark!
Ijyb zaps a wand.
Some rock shatters into small pieces.
A jackal comes into view.
The jackal misses you. You furiously retaliate!
You headbutt the jackal!
You kill the jackal!
Ijyb misses you.
The jackal moves out of view.
You hit Ijyb but do no damage. You hit the goblin.
The goblin hits you with a +0 club. Ijyb closely misses you.
You hit Ijyb but do no damage. You headbutt Ijyb, but do no damage.
You closely miss the goblin. The goblin hits you with a +0 club.
Ijyb barely misses you. The goblin hits you with a +0 club.
You hit Ijyb.
Ijyb is lightly wounded.
You hit the goblin.
You kill the goblin!
Ijyb closely misses you.
You hit Ijyb. Your headbutt misses Ijyb.
Ijyb is lightly wounded.
You hit the jelly. The acid corrodes you!
Your hands burn!
The jelly closely misses you. Ijyb hits you with a +0 club. The jelly hits you.
The acid corrodes you!
You are splashed with acid!
Ouch! That really hurt!
You die...

#....## #.....#
# #.....###.##
#....>.....##
#....#####...###
####... ##....#
###.## ###..###
######... #...#
.......##. ##.@#
.>.....# ##gJ#
.......# ##..#
.......# ....
.......# .....
##.##### #.♣.♣.♣
.# .... . .#
.♣.♣. ..


You could see Ijyb and a jelly.

Vanquished Creatures
  An endoplasm (D:4)
  A jackal (D:4)
  A goblin (D:4)
3 creatures vanquished.

Notes
Turn   | Place    | Note
-------+----------+-------------------------------------------
     0 | D:5      | cbfl8 the Minotaur Delver began the quest for the Orb.
     0 | D:5      | Reached XP level 1. HP: 19/19 MP: 0/0
    74 | D:4      | Noticed Ijyb
    82 | D:4      | Noticed a jelly
    90 | D:4      | Splashed by a jelly's acid

Illustrated notes

Levels and vault maps discovered:
D:4:      layout_rooms, minmay_temple_entry_tees, serial_shops,
          kennysheep_little_box, serial_forest, infiniplex_forest_straight_3,
          infiniplex_forest_clump_long, infiniplex_forest_lined_3_way,
          infiniplex_forest_zigzag_2, uniq_ijyb
D:5:      layout_loops_ring, dancing_weapons_uskayaw, minmay_misc_feat_room,
          minmay_misc_feat_ornament

Action                   || total
-------------------------++-------
Melee: Hand axe          ||     5
       Headbutt          ||     1
Dodge: Dodged            ||     6
